Map: Dusk Towers

Players

Tomma - Winner!

  • Race: Zerg Zerg
  • League: Diamond

Andersone

  • Race: Protoss Protoss
  • League: Master

VOD

Have the link to the VOD?

Description

Time

  • Played on: May 22, 2016, 1:09 p.m.
  • Length: 24:48
Show
View Real Time Build Order
Export as new Build Order

Tomma Zerg - Winner!

Build Orders: Hatch First, Lurkers 

Get SALT Encoding   

  12  0:01  Drone  
  13  0:12  Overlord  
  13  0:17  Drone  
  14  0:31  Drone x2  
  14  0:35  Drone  
  17  0:55  Hatchery, Drone  
  17  1:00  Drone  
  18  1:07  Extractor  
  17  1:15  Spawning Pool  
  17  1:17  Drone  
  17  1:20  Drone  
  18  1:31  Drone  
  19  1:40  Overlord  
  19  1:51  Drone  
  20  2:01  Queen  
  20  2:05  Zergling x2  
  20  2:07  Queen  
  20  2:08  Zergling x2  
  26  2:09  Metabolic Boost  
  26  2:11  Drone  
  27  2:23  Drone x2  
  27  2:29  Drone  
  30  2:35  Drone  
  31  2:50  Drone x2  
  31  2:51  Hatchery, Drone  
  34  2:54  Overlord  
  33  3:02  Drone  
  34  3:06  Drone  
  34  3:13  Drone  
  35  3:20  Zergling x2  
  35  3:25  Overlord x2  
  36  3:29  Overlord  
  35  3:36  Overlord  
  35  3:42  Queen  
  35  3:44  Overlord  
  35  3:45  Drone x4  
  41  3:56  Drone  
  41  3:59  Drone x4  
  46  4:05  Drone  
  46  4:06  Drone  
  48  4:11  Drone  
  49  4:17  Drone x2  
  49  4:23  Drone  
  52  4:24  Lair  
  52  4:25  Drone  
  52  4:27  Drone x2  
  52  4:28  Drone x2  
  57  4:34  Drone  
  57  4:35  Zergling x2  
  59  4:39  Drone  
  60  4:47  Spore Crawler  
  60  4:50  Spore Crawler  
  55  4:53  Drone x6  
  55  4:57  Spore Crawler  
  55  4:58  Drone x4  
  61  5:01  Drone  
  62  5:08  Evolution Chamber, Drone x2  
  62  5:10  Evolution Chamber  
  62  5:12  Extractor  
  62  5:13  Drone  
  62  5:14  Extractor  
  62  5:17  Extractor, Drone x3  
  63  5:22  Drone x2, Hydralisk Den  
  63  5:23  Drone x4  
  63  5:25  Extractor  
  63  5:26  Extractor  
  66  5:31  Zergling x2  
  66  5:34  Drone x2  
  69  5:40  Drone x4  
  69  5:41  Hatchery  
  72  5:43  Drone x2  
  72  5:46  Zerg Missile Weapons Level 1  
  72  5:48  Zerg Ground Armor Level 1  
  74  5:58  Overlord x4  
  74  6:01  Lurker Den  
  74  6:07  Pneumatized Carapace  
  74  6:10  Overlord x2  
  74  6:18  Hydralisk x4  
  74  6:19  Hydralisk  
  74  6:20  Drone x2  
  74  6:23  Hydralisk  
  74  6:25  Hydralisk  
  90  6:33  Hydralisk x2  
  90  6:34  Hydralisk  
  90  6:37  Hydralisk  
  98  6:40  Zergling x10  
  98  6:41  Zergling x4  
  105  6:52  Overlord  
  105  6:53  Overlord x2  
  105  7:01  Overlord  
  105  7:02  Overlord x3  
  105  7:09  Overlord x3  
  105  7:11  Queen  
  105  7:14  Drone x2  
  105  7:15  Drone x3  
  112  7:19  Overlord  
  112  7:20  Overlord  
  112  7:26  Drone x3  
  112  7:29  Spore Crawler  
  111  7:31  Drone x3  
  111  7:33  Drone x4  
  119  7:40  Spore Crawler  
  119  7:42  Extractor  
  116  7:45  Hydralisk  
  116  7:46  Spore Crawler, Hydralisk x3  
  116  7:47  Lurker x5, Extractor  
  116  7:48  Lurker x3  
  116  7:49  Hydralisk  
  130  7:52  Drone  
  130  7:53  Drone x2  
  130  7:58  Drone x5  
  133  8:00  Spore Crawler  
  133  8:05  Drone x3  
  138  8:09  Muscular Augments  
  138  8:10  Zerg Missile Weapons Level 2  
  138  8:11  Hydralisk  
  138  8:12  Hydralisk  
  142  8:23  Hydralisk  
  142  8:24  Hydralisk x4  
  152  8:33  Hydralisk  
  152  8:34  Hydralisk x4  
  154  8:36  Hydralisk  
  154  8:39  Hydralisk  
  166  8:43  Hydralisk x2  
  166  8:46  Hydralisk  
  167  8:55  Hydralisk  
  167  8:56  Hydralisk x3  
  167  9:01  Hydralisk  
  173  9:08  Overlord x2  
  173  9:09  Overlord, Hydralisk  
  175  9:21  Zergling x2  
  174  9:32  Drone x5  
  174  9:33  Drone x5  
  177  9:52  Hydralisk  
  177  9:53  Hydralisk x7  
  177  9:58  Drone x2  
  192  10:06  Drone x5  
  197  10:12  Hydralisk  
  199  10:14  Zerg Ground Armor Level 2  
  199  10:23  Hatchery  
  198  10:30  Spine Crawler  
  198  10:31  Spine Crawler  
  198  10:32  Spine Crawler x2  
  198  10:34  Spine Crawler  
  188  10:45  Hydralisk x5  
  172  11:05  Hydralisk  
  172  11:06  Hydralisk x14  
  172  11:09  Hydralisk  
  172  11:10  Hydralisk x3  
  181  11:15  Hydralisk x2  
  183  11:31  Hydralisk  
  183  11:32  Hydralisk x7  
  180  11:49  Lurker x3  
  177  11:59  Hydralisk x9  
  172  12:01  Lurker x5  
  172  12:02  Lurker  
  172  12:08  Infestation Pit  
  175  12:12  Drone x2  
  175  12:13  Drone x2, Hydralisk  
  175  12:14  Hydralisk x3  
  185  12:16  Lurker  
  185  12:17  Lurker  
  187  12:23  Drone x3  
  187  12:24  Drone x2  
  187  12:27  Hydralisk x2  
  187  12:29  Lurker  
  197  12:30  Extractor  
  197  12:32  Zergling x2  
  197  12:35  Extractor  
  196  12:37  Baneling Nest  
  196  12:39  Spine Crawler  
  196  12:40  Drone, Spine Crawler x2  
  196  12:41  Spore Crawler, Drone x3, Spine Crawler  
  196  12:43  Overlord x3  
  194  12:53  Overlord x4  
  194  13:02  Hydralisk  
  194  13:03  Hydralisk x3  
  194  13:22  Hive  
  194  13:23  Hydralisk x3  
  200  13:36  Overlord x3  
  200  13:39  Hatchery  
  200  13:40  Spire  
  198  13:41  Centrifical Hooks, Zerg Melee Weapons Level 1  
  198  13:43  Zergling x4  
  176  14:11  Swarm Host, Hydralisk  
  176  14:12  Hydralisk x15  
  176  14:16  Zergling x2  
  173  14:17  Zergling x6  
  168  14:30  Hydralisk  
  144  14:31  Zergling x2  
  144  14:32  Zergling x8  
  143  14:39  Zergling x2  
  143  14:40  Zergling x8  
  143  14:42  Zerg Missile Weapons Level 3  
  148  14:47  Lurker x4  
  148  14:48  Lurker x6  
  148  14:49  Zergling x6  
  148  14:50  Zergling x4  
  148  14:51  Baneling x5  
  148  14:52  Baneling x3  
  163  14:56  Greater Spire  
  163  14:59  Zergling x4  
  165  15:00  Zergling x4  
  166  15:12  Drone x2  
  166  15:13  Overlord x2  
  168  15:18  Corruptor x4  
  168  15:19  Hydralisk x2  
  180  15:30  Extractor, Hydralisk  
  180  15:31  Hydralisk x3  
  180  15:34  Extractor  
  186  15:41  Spore Crawler  
  186  15:42  Spore Crawler, Drone x3  
  187  15:46  Corruptor x2  
  187  15:47  Corruptor  
  177  16:04  Corruptor x2  
  177  16:05  Corruptor x3  
  184  16:20  Brood Lord x2  
  184  16:21  Brood Lord  
  190  16:32  Brood Lord x2, Hydralisk  
  194  16:35  Hydralisk  
  198  16:44  Hydralisk  
  200  16:49  Hydralisk x2  
  200  16:51  Zerg Melee Weapons Level 2  
  199  17:08  Corruptor x2  
  196  18:15  Corruptor x2  
  191  18:27  Zergling x2  
  191  18:28  Zergling x18  
  193  18:41  Corruptor x2  
  191  19:16  Zergling x2  
  161  19:17  Zergling x30  
  162  19:27  Corruptor  
  156  19:32  Zergling x8  
  156  19:37  Corruptor  
  156  19:39  Hatchery  
  156  19:41  Extractor  
  148  19:46  Zergling x4  
  148  19:47  Zergling x4  
  137  19:55  Mutalisk x3  
  137  19:56  Mutalisk x5  
  137  20:02  Adrenal Glands  
  137  20:06  Zerg Melee Weapons Level 3  
  130  20:07  Zerg Ground Armor Level 3  
  129  20:19  Corruptor  
  129  20:20  Corruptor x11  
  152  20:28  Zergling x14  
  151  20:29  Queen  
  151  20:32  Corruptor  
  151  20:33  Corruptor x5  
  151  20:35  Corruptor x3  
  167  20:50  Corruptor, Mutalisk  
  167  20:51  Corruptor x6  
  167  20:54  Corruptor x3, Drone  
  190  21:11  Extractor  
  187  21:12  Corruptor x3  
  187  21:18  Mutalisk  
  179  21:31  Zergling x24  
  179  21:32  Zergling x8  
  195  21:39  Brood Lord x2  
  195  21:48  Zergling x14  
  195  21:53  Spore Crawler, Drone x2  
  200  21:55  Drone x3  
  187  22:08  Brood Lord x2  
  187  22:09  Brood Lord  
  186  22:21  Brood Lord  
  177  22:48  Brood Lord x2  
  177  22:49  Hydralisk  
  177  22:50  Hydralisk  
  182  22:55  Corruptor  
  182  23:05  Spore Crawler  
  179  23:08  Spore Crawler, Drone x2  
  179  23:09  Spore Crawler  
  179  23:10  Spore Crawler  
  179  23:12  Corruptor x2  
  176  23:13  Hydralisk  
  175  23:27  Hydralisk x3  
  175  23:28  Hydralisk  
  171  23:42  Hydralisk x4  
  171  23:43  Hydralisk  
  171  23:47  Hydralisk  
  174  24:01  Hydralisk x4  
  174  24:12  Hydralisk x3  
  174  24:14  Zergling x22  
  174  24:15  Zergling x14  
  192  24:30  Zergling x16  
Show
View Real Time Build Order
Export as new Build Order

Andersone Protoss 

Build Orders: 1 Gate Expand, Oracle Opening 

Get SALT Encoding   

  12  0:01  Probe (Chrono Boost)  
  13  0:11  Probe (Chrono Boost)  
  14  0:18  Pylon  
  14  0:22  Probe (Chrono Boost)  
  15  0:36  Probe (Chrono Boost)  
  15  0:38  Gateway  
  16  0:46  Probe (Chrono Boost)  
  16  0:48  Assimilator  
  18  0:57  Probe (Chrono Boost)  
  18  1:07  Probe (Chrono Boost)  
  19  1:18  Probe (Chrono Boost)  
  20  1:25  Nexus  
  20  1:35  Cybernetics Core  
  20  1:37  Probe (Chrono Boost)  
  21  1:48  Probe (Chrono Boost), Pylon  
  21  1:50  Assimilator  
  22  1:58  Probe (Chrono Boost)  
  23  2:09  Probe (Chrono Boost)  
  24  2:15  Adept (Chrono Boost)  
  24  2:17  Warp Gate (Chrono Boost)  
  24  2:21  Probe  
  27  2:33  Probe  
  28  2:38  Probe  
  28  2:40  Stalker (Chrono Boost)  
  31  2:46  Mothership Core  
  31  2:48  Probe  
  34  2:59  Probe  
  35  3:06  Stargate  
  35  3:08  Probe  
  35  3:09  Probe  
  37  3:20  Probe x2  
  37  3:21  Adept  
  41  3:30  Probe  
  41  3:32  Probe  
  41  3:40  Pylon  
  41  3:41  Probe  
  41  3:44  Probe  
  41  3:47  Gateway  
  43  3:49  Oracle (Chrono Boost), Gateway  
  46  3:56  Probe  
  46  3:58  Probe  
  46  4:00  Pylon  
  48  4:07  Probe  
  49  4:10  Probe  
  50  4:17  Pylon  
  50  4:18  Adept, Probe  
  50  4:22  Probe  
  50  4:23  Phoenix (Chrono Boost)  
  56  4:28  Probe  
  57  4:34  Probe  
  58  4:39  Probe  
  59  4:46  Probe  
  59  4:48  Nexus  
  59  4:50  Pylon  
  60  4:57  Probe  
  60  4:59  Probe  
  62  5:09  Phoenix (Chrono Boost)  
  62  5:10  Pylon  
  62  5:11  Assimilator  
  64  5:17  Adept x3, Assimilator  
  64  5:18  Probe  
  64  5:19  Probe  
  72  5:28  Probe  
  72  5:31  Probe, Phoenix (Chrono Boost)  
  72  5:32  Robotics Facility  
  72  5:35  Robotics Facility  
  76  5:39  Probe  
  76  5:42  Adept x3  
  83  5:43  Probe  
  83  5:46  Pylon  
  83  5:48  Pylon  
  83  5:49  Probe  
  85  6:00  Probe, Phoenix (Chrono Boost), Gateway  
  85  6:02  Probe  
  85  6:03  Probe, Gateway  
  89  6:05  Gateway  
  89  6:11  Probe  
  90  6:14  Probe x2  
  93  6:19  Assimilator  
  93  6:21  Probe  
  93  6:24  Assimilator  
  94  6:26  Oracle (Chrono Boost)  
  94  6:28  Immortal  
  94  6:29  Warp Prism  
  103  6:33  Zealot x3  
  103  6:38  Twilight Council  
  109  6:44  Probe x2  
  109  6:46  Probe  
  112  6:55  Probe  
  113  7:02  Oracle (Chrono Boost)  
  116  7:09  Pylon  
  116  7:14  Charge (Chrono Boost)  
  116  7:17  Probe  
  116  7:20  Nexus  
  117  7:27  Immortal x2  
  125  7:55  Pylon  
  125  7:57  Pylon  
  125  7:59  Pylon  
  125  8:01  Pylon  
  125  8:02  Forge  
  125  8:04  Forge  
  125  8:11  Pylon  
  125  8:13  Probe, Immortal, Pylon  
  125  8:15  Adept, Immortal, Pylon  
  125  8:16  Adept x2  
  125  8:17  Pylon  
  125  8:18  Adept  
  142  8:22  Adept x2  
  144  8:40  Adept x3  
  144  8:41  Adept  
  150  8:59  Zealot, Probe x2, Immortal x2  
  150  9:00  Zealot, Probe  
  155  9:25  Adept x2  
  155  9:26  Adept x4  
  165  9:35  Protoss Ground Armor Level 1 (Chrono Boost), Protoss Ground Weapons Level 1 (Chrono Boost)  
  165  9:36  Gateway  
  165  9:37  Gateway  
  161  9:39  Gateway  
  161  9:43  Gateway  
  157  9:53  Immortal  
  157  9:54  Immortal  
  165  10:05  Assimilator  
  161  10:09  Zealot x5  
  161  10:10  Zealot, Assimilator  
  173  10:34  Zealot x9  
  188  10:46  Immortal x2  
  196  10:55  Zealot x4  
  196  10:56  Zealot x3  
  170  11:07  Zealot x3  
  142  11:16  Templar Archives  
  139  11:21  Zealot x6  
  139  11:22  Zealot  
  139  11:24  Oracle  
  145  11:37  Observer, Immortal  
  132  11:42  Zealot x8  
  132  11:43  Zealot x2  
  150  11:49  Pylon  
  150  11:51  Pylon  
  148  11:59  Oracle  
  148  12:00  Psionic Storm  
  149  12:09  Probe, Protoss Ground Weapons Level 2 (Chrono Boost), Protoss Ground Armor Level 2 (Chrono Boost)  
  149  12:11  Probe  
  149  12:13  High Templar x5  
  161  12:18  Stalker x4  
  161  12:22  Immortal x2  
  177  12:29  Nexus  
  177  12:31  Pylon  
  177  12:37  Phoenix  
  179  12:56  Adept x9  
  197  13:02  Phoenix  
  183  13:21  Zealot x5  
  187  13:34  High Templar x4  
  195  13:44  Nexus  
  195  13:46  Pylon  
  193  13:58  Fleet Beacon  
  193  14:00  Stargate  
  193  14:02  Stargate  
  166  14:16  Zealot x9  
  148  14:19  Protoss Ground Weapons Level 3  
  148  14:20  Archon, Protoss Ground Armor Level 3  
  115  14:37  High Templar x8  
  115  14:38  High Templar  
  129  14:46  Tempest x2  
  129  14:47  Tempest  
  141  14:56  Archon x4  
  141  15:00  Immortal x2  
  149  15:07  Assimilator  
  149  15:12  Assimilator  
  149  15:22  High Templar x6  
  149  15:23  High Templar x3  
  149  15:26  Archon x2  
  149  15:27  Archon x2  
  167  15:34  Tempest  
  171  15:54  Zealot  
  171  15:55  Zealot x8  
  183  16:12  Tempest x2  
  183  16:15  Sentry x2  
  183  16:16  Sentry  
  197  16:35  Assimilator  
  197  16:39  Assimilator  
  197  16:40  Pylon  
  197  16:45  Photon Cannon  
  197  16:46  Photon Cannon  
  197  16:47  Photon Cannon  
  197  16:49  Photon Cannon  
  197  16:51  Photon Cannon  
  197  17:05  Gateway  
  197  17:06  Gateway  
  197  17:09  Oracle  
  197  17:11  Gateway  
  200  17:38  Nexus  
  200  17:41  Pylon  
  200  17:42  Pylon  
  189  18:14  High Templar x5  
  185  18:39  Void Ray x3  
  191  18:48  Assimilator  
  191  18:59  Zealot x4  
  138  19:20  Zealot  
  138  19:21  Stalker x7  
  138  19:22  Oracle, Void Ray  
  109  19:47  High Templar x10  
  109  19:50  Archon  
  109  19:51  Archon x3  
  109  19:52  Archon  
  109  20:14  Assimilator  
  106  20:20  Zealot x8  
  121  20:34  Phoenix  
  121  20:35  Phoenix x2  
  127  20:46  High Templar x3  
  127  20:47  Probe x2  
  127  20:48  Probe  
  127  20:49  Probe  
  137  20:56  Pylon  
  137  21:01  High Templar x3, Pylon, Probe  
  137  21:02  Probe x2  
  137  21:03  Probe  
  148  21:04  Probe  
  148  21:19  Void Ray x3  
  148  21:22  High Templar  
  148  21:23  High Templar x2  
  126  21:59  Probe  
  126  22:01  Probe  
  128  22:02  Void Ray x3  
  137  22:10  Photon Cannon  
  137  22:11  Photon Cannon  
  134  22:16  Probe  
  134  22:17  Probe  
  134  22:18  Probe x2  
  138  22:24  Protoss Air Weapons Level 1 (Chrono Boost)  
  138  22:36  Zealot x5  
  144  22:42  Zealot  
  144  22:43  Zealot x2  
  142  22:45  Void Ray  
  144  22:57  Archon x2  
  140  23:03  Zealot x6  
  145  23:15  Void Ray  
  139  23:27  Void Ray  
  139  23:30  Void Ray  
  113  23:51  Stalker x2, Templar Archives  
  113  23:52  Stalker x3  
  113  23:53  Stalker  
  107  24:03  Probe  
  107  24:05  Probe  
  103  24:28  Stalker x3  
Tags
 
Add a new tag
Caveats
  • Supply blocks, unpowered buildings, or Contaminate may cause inaccurate times.
  • Supply counts are checked every 10 seconds.